 Dungeon Crawl Stone Soup version 0.29-a0-653-gd47aff6735 (webtiles) character file.

Game seed: 13752608008976141132

1136 zeratav the Archer (level 8, -3/37 HPs)
             Began as a Spriggan Arcane Marksman on June 21, 2022.
             Was an Initiate of Dithmenos.
             Engulfed by a steam dragon's steam (8 damage)
             ... on level 6 of the Dungeon.
             The game lasted 00:09:49 (5841 turns).

zeratav the Archer (Spriggan Arcane Marksman)       Turns: 5841, Time: 00:09:50

Health: -3/37      AC:  6    Str:  6    XL:     8   Next: 14%
Magic:  11/11      EV: 17    Int: 15    God:    Dithmenos [......]
Gold:   333        SH:  5    Dex: 17    Spells: 8/9 levels left

rFire   . . .      SeeInvis +   a - +0 shortbow {bow}
rCold   . . .      Faith    .   (shield currently unavailable)
rNeg    . . .      Spirit   .   C - +0 robe {Will+}
rPois   .          Reflect  +   d - +0 hat
rElec   .          Harm     .   (no cloak)
rCorr   .          Rampage  .   (gloves unavailable)
Will    ++...                   (boots unavailable)
Stlth   +++.......              l - amulet of reflection
HPRegen 0.12/turn               n - +4 ring of protection
MPRegen 0.12/turn               B - ring of flight

@: flying, very quick
A: very small, no large weapons, unfitting armour, see invisible, speed 3
a: Renounce Religion


You were on level 6 of the Dungeon.
You worshipped Dithmenos.
Dithmenos was noncommittal.
You visited 2 branches of the dungeon, and saw 7 of its levels.

You collected 333 gold pieces.


Innate Abilities, Weirdness & Mutations

You are very small and have problems with some larger weapons.
You are too small for most types of armour.
You have supernaturally acute eyesight. (SInv)
You cover ground extremely quickly. (Speed+++)


   Skills:
 - Level 0.7 Fighting
 + Level 11.0 Bows
 - Level 2.6 Dodging
 - Level 5.0 Stealth
 - Level 1.3 Spellcasting
 - Level 3.6 Hexes


You had 8 spell levels left.
You knew the following spells:

 Your Spells              Type           Power      Damage    Failure   Level
a - Slow                  Hex            44%        N/A       5%          1

Your spell library contained the following spells:

 Spells                   Type           Power      Damage    Failure   Level
 Apportation              Tloc           2%         N/A       24%         1
 Inner Flame              Hex/Fire       6%         N/A       34%         3
 Portal Projectile        Hex/Tloc       12%        N/A       34%         3
 Cause Fear               Hex            5%         N/A       47%         4
 Alistair's Intoxication  Tmut/Pois      0%         N/A       100%        5

Inventory:

Hand Weapons
 a - a +0 shortbow (weapon) {bow}
 v - a +4 dagger of holy wrath {short}
   (You took it off Ijyb on level 3 of the Dungeon)
Armour
 d - a +0 hat (worn)
   (You found it on level 1 of the Dungeon)
 u - a +2 robe of cold resistance
   (You took it off Jessica on level 3 of the Dungeon)
 C - a +0 robe of willpower (worn)
   (You took it off Sigmund on level 5 of the Dungeon)
 D - a +2 robe of fire resistance
   (You found it on level 5 of the Dungeon)
Jewellery
 l - an amulet of reflection (around neck)
   (You found it on level 2 of the Dungeon)
 n - a +4 ring of protection (left hand)
   (You found it on level 2 of the Dungeon)
 B - a ring of flight (right hand)
   (You found it on level 5 of the Dungeon)
Wands
 b - a wand of paralysis (6)
   (You took it off Ijyb on level 3 of the Dungeon)
 x - a wand of iceblast (7)
   (You found it on level 4 of the Dungeon)
Scrolls
 c - 2 scrolls of vulnerability {!r!r}
 e - a scroll of enchant armour
 i - 3 scrolls of amnesia
 k - a scroll of fear
 m - a scroll of immolation {!r!r}
 o - a scroll of poison {!r}
 t - a scroll of blinking {!r}
 w - 2 scrolls of fog
 y - a scroll of teleportation {unknown}
 z - 2 scrolls of torment {unknown}
 A - 2 scrolls of enchant weapon {unknown}
Potions
 f - a potion of mutation {unknown}
 h - 2 potions of might {unknown}
 j - 3 potions of cancellation {unknown}
 p - a potion of ambrosia {unknown}
 q - 3 potions of flight {unknown}
 r - 2 potions of curing {unknown}
 s - a potion of degeneration {unknown}

Dungeon Overview and Level Annotations

Branches:
Dungeon (6/15) Zot: 25165  Temple (1/1) D:6 Zot: 5756

Altars:
Ashenzari
Cheibriados
Dithmenos
Fedhas
Gozag
Makhleb
Okawaru
Qazlal
Ru
Sif Muna
Trog
Uskayaw
Wu Jian
Xom
Yredelemnul
The Shining One

#.........####.....§≈
#§(..................
#..### #.
.........§###.### #.
........§.§##...##
##.
........§)§####..##
##.. P........[@#
##..#### #...
.......§..##
##....###...
....##...##
####..#Y... ###.
##### ##......# #
#........ #........
####.......#
...........#
#...........


You could see a steam dragon.


Message History

You shoot an arrow.
The arrow hits the steam dragon but does no damage.
Shoot: a) +0 shortbow {bow}
Press: ? - help, Q - select action, (/) - cycle Shift-Dir - straight line, f/p - steam dragon
Aim: a steam dragon (lightly wounded, 65% to hit)
You shoot an arrow. The arrow hits the steam dragon.
The steam dragon breathes steam at you. The ball of steam hits you!
* * * LOW HITPOINT WARNING * * *
HP[-14]
You take 14 damage, and now have 8/37 hp.
MASSIVE DAMAGE!! (PAUSE)
You are engulfed in a cloud of scalding steam.
* * * LOW HITPOINT WARNING * * *
HP[-5]
You take 5 damage, and now have 3/37 hp.
HP[+1] HP[+1]
Found an escape hatch in the ceiling.
HP[+1] HP[+1]
A jelly comes into view.
The jelly quivers.
You see here 2 stones {throwing}.
There is a stone staircase leading up here.
Shoot: a) +0 shortbow {bow}
Press: ? - help, Q - select action, (/) - cycle Shift-Dir - straight line, f - jelly
Aim: a jelly (91% to hit)
You shoot an arrow.
The arrow hits the jelly but does no damage.
Shoot: a) +0 shortbow {bow}
Press: ? - help, Q - select action, (/) - cycle Shift-Dir - straight line, f/p - jelly
Aim: a jelly (91% to hit)
You shoot an arrow. The arrow hits the jelly!
Shoot: a) +0 shortbow {bow}
Press: ? - help, Q - select action, (/) - cycle Shift-Dir - straight line, f/p - jelly
Aim: a jelly (severely wounded, 91% to hit)
You shoot an arrow. The arrow hits the jelly.
You kill the jelly!
Dithmenos accepts your kill.
Your Bows skill increases to level 11!
There is a stone staircase leading up here.
HP[+1]
You start resting.
A steam dragon is nearby!
HP[+19]
You regained 19 hp, and now have 27/37 hp.
Shoot: a) +0 shortbow {bow}
Press: ? - help, Q - select action, (/) - cycle Shift-Dir - straight line, f - steam dragon
Aim: a steam dragon (wandering, hasn't noticed you, 65% to hit)
You shoot an arrow. The steam dragon hisses angrily.
The arrow hits the steam dragon.
Shoot: a) +0 shortbow {bow}
Press: ? - help, Q - select action, (/) - cycle Shift-Dir - straight line, f/p - steam dragon
Aim: a steam dragon (lightly wounded, 65% to hit)
You shoot an arrow. The arrow hits the steam dragon!
Shoot: a) +0 shortbow {bow}
Press: ? - help, Q - select action, (/) - cycle Shift-Dir - straight line, f/p - steam dragon
Aim: a steam dragon (heavily wounded, 65% to hit)
You shoot an arrow.
The arrow hits the steam dragon but does no damage.
HP[+1] Shoot: a) +0 shortbow {bow}
Press: ? - help, Q - select action, (/) - cycle Shift-Dir - straight line, f/p - steam dragon
Aim: a steam dragon (heavily wounded, 65% to hit)
You shoot an arrow.
The arrow hits the steam dragon but does no damage.
Shoot: a) +0 shortbow {bow}
Press: ? - help, Q - select action, (/) - cycle Shift-Dir - straight line, f/p - steam dragon
Aim: a steam dragon (heavily wounded, 65% to hit)
You shoot an arrow. The arrow hits the steam dragon.
Shoot: a) +0 shortbow {bow}
Press: ? - help, Q - select action, (/) - cycle Shift-Dir - straight line, f/p - steam dragon
Aim: a steam dragon (heavily wounded, 65% to hit)
You shoot an arrow.
The arrow closely misses the steam dragon.
The steam dragon bites you. The steam dragon completely misses you.
HP[-6]
You take 6 damage, and now have 22/37 hp.
The steam dragon breathes steam at you. The ball of steam hits you.
* * * LOW HITPOINT WARNING * * *
You hear an angry hiss.
HP[-6]
You take 6 damage, and now have 16/37 hp.
You are engulfed in a cloud of scalding steam.
* * * LOW HITPOINT WARNING * * *
HP[-6]
You take 6 damage, and now have 10/37 hp.
You are engulfed in a cloud of scalding steam.
Things that are here:
a +0 robe; a +0 dagger {short} You are engulfed in a cloud of scalding steam.
* * * LOW HITPOINT WARNING * * *
There is a stone staircase leading up here.
HP[-5]
You take 5 damage, and now have 5/37 hp.
You are engulfed in a cloud of scalding steam.
You die...

Skill      XL: |  1  2  3  4  5  6  7  8 |
---------------+-------------------------+-----
Bows           | 3 4 5 6 7 9 10 11 | 11.0
Stealth        | 5 |  5.0
Fighting       | |  0.7
Dodging        | |  2.6
Spellcasting   | |  1.3
Hexes          | |  3.6

Action                   |  1- 3 |  4- 6 |  7- 9 || total
-------------------------+-------+-------+-------++-------
Melee: Whip              |       |    92 |    42 ||   134
       Punch             |       |     3 |     1 ||     4
 Fire: Shortbow          |   126 |    60 |    62 ||   248
 Cast: Slow              |     3 |     2 |     1 ||     6
  Use: Scroll            |       |       |     7 ||     7
 Stab: Sleeping          |       |     1 |     2 ||     3
Armor: Robe              |     6 |    23 |    12 ||    41
Dodge: Dodged            |    59 |    79 |    47 ||   185
Block: Other             |       |    23 |     8 ||    31

Levels and vault maps discovered:
D:1:      psy_arrival_spokes, layout_basic, ebering_ecumenical_altar_webs,
          minmay_misc_feat_cross
D:2:      kennysheep_the_goblin_king, layout_loops_corners,
          kennysheep_generic_room_9
D:3:      layout_rooms, nicolae_wu_jian_immortal_techniques, old_standard_altar,
          st_stairs_14, nicolae_elevator_lobby_asterisk, uniq_jessica, uniq_ijyb
D:4:      layout_loops_ring, grunt_temple_overflow_open
D:5:      layout_basic, kennysheep_mini, mainiacjoe_overflow_swirl,
          minivault_25, uniq_sigmund
D:6:      layout_rooms, nicolae_elyvilon_peaceful_grove,
          mainiacjoe_overflow_two_lobes, minmay_temple_entry_mist, serial_shops,
          nicolae_shop_overgrown_old_shop, lemuel_another_geyser, uniq_duvessa
Temple:   jpeg_temple_island

Notes
Turn   | Place    | Note
-------+----------+-------------------------------------------
     0 | D:1      | zeratav the Spriggan Arcane Marksman began the quest for
                  | the Orb.
     0 | D:1      | Reached XP level 1. HP: 9/9 MP: 3/3
     0 | D:1      | magus.rc [v1.9.6]
    24 | D:1      | HP: 1/9 [rat (3)]
   104 | D:1      | Reached skill level 3 in Bows
   371 | D:1      | Found a faded altar of an unknown god.
   385 | D:1      | Reached XP level 2. HP: 14/14 MP: 5/5
   460 | D:1      | Reached skill level 4 in Bows
   587 | D:1      | Reached XP level 3. HP: 17/17 MP: 6/6
  1192 | D:2      | Reached skill level 5 in Bows
  1300 | D:2      | Reached XP level 4. HP: 12/21 MP: 5/7
  2223 | D:3      | Identified the +8 whip of Ogell {vorpal, rC+ Str+3}
  2305 | D:3      | Found a sacrificial altar of Ru.
  2315 | D:3      | Reached skill level 6 in Bows
  2495 | D:3      | You fall into a shaft and drop 3 floors!
  2622 | D:5      | Entered Level 5 of the Dungeon
  2622 | D:5      | Noticed Sigmund
  2699 | D:6      | Reached XP level 5. HP: 22/25 MP: 8/8
  2750 | D:6      | Reached skill level 7 in Bows
  2751 | D:6      | HP: 6/25 [poisoned by Sigmund]
  2883 | D:6      | Noticed an ice beast
  3050 | D:4      | Found a broken altar of Ashenzari.
  3051 | D:4      | Found a hide-covered altar of Uskayaw.
  3201 | D:3      | Noticed Jessica
  3209 | D:3      | Killed Jessica
  3256 | D:3      | Noticed Ijyb
  3269 | D:3      | Killed Ijyb
  3270 | D:3      | Reached XP level 6. HP: 25/29 MP: 9/9
  3343 | D:3      | Found an ornate altar of the Wu Jian Council.
  3411 | D:3      | Reached skill level 8 in Bows
  3717 | D:4      | You pick up a book of Party Tricks and begin reading...
  3717 | D:4      | You add the spells Apportation and Alistair's Intoxication
                  | to your library.
  3733 | D:4      | HP: 7/29 [ogre/+0 giant spiked club (22)]
  3751 | D:4      | Reached skill level 9 in Bows
  3751 | D:4      | Reached XP level 7. HP: 9/32 MP: 10/10
  4606 | D:5      | Killed Sigmund
  4607 | D:5      | Reached skill level 10 in Bows
  4607 | D:5      | Reached skill level 4 in Stealth
  4694 | D:5      | Found a shimmering altar of Xom.
  4732 | D:5      | Reached skill level 5 in Stealth
  4787 | D:5      | Reached XP level 8. HP: 34/37 MP: 11/11
  4834 | D:5      | Found a snail-covered altar of Cheibriados.
  5043 | D:5      | Found a shimmering blue altar of Sif Muna.
  5160 | D:6      | Found a staircase to the Ecumenical Temple.
  5180 | Temple   | Entered the Ecumenical Temple
  5537 | Temple   | Became a worshipper of Dithmenos the Shadowed
  5602 | D:6      | HP: 8/37 [steam dragon/ball of steam (14)]
  5603 | D:6      | HP: 3/37 [steam dragon] (5)]
  5663 | D:6      | Reached skill level 11 in Bows
  5840 | D:6      | HP: 5/37 [something] (5)]
  5841 | D:6      | Engulfed by a steam dragon's steam

Vanquished Creatures
  Sigmund (D:5)
  A water moccasin (D:5)
  A black bear (D:4)
  An ogre (D:4)
  3 necrophages
  2 howler monkeys
  3 hounds
  A jelly (D:6)
  Jessica (D:3)
  Ijyb (D:3)
  3 orc wizards
  9 adders
  3 worms (D:2)
  A dart slug (D:4)
  7 orcs
  9 ball pythons
  3 endoplasms
  A giant cockroach (D:1)
  11 hobgoblins
  15 jackals
  9 kobolds
  6 quokkas
  A bat (D:1)
  4 frilled lizards
  7 goblins
  10 rats
114 creatures vanquished.

Vanquished Creatures (others)
  A butterfly (D:6)
  2 plants (D:6)
3 creatures vanquished.

Grand Total: 117 creatures vanquished

Table legend:
 A = Non-vault XP
 B = Vault XP
 C = Vault XP percentage of total XP
 D = Non-vault monster count
 E = Vault monster count
 F = Vault count percentage of total count
                 A         B        C        D         E       F
            +---------+---------+-------+---------+---------+-------
      Total |    1312 |     311 |  19.2 |     101 |      13 |  11.4
            +---------+---------+-------+---------+---------+-------
        D:1 |      59 |       0 |   0.0 |      35 |       0 |   0.0
        D:2 |      78 |      14 |  15.2 |      19 |       9 |  32.1
        D:3 |      79 |      74 |  48.4 |       9 |       3 |  25.0
        D:4 |     352 |       0 |   0.0 |      21 |       0 |   0.0
        D:5 |     441 |     223 |  33.6 |       8 |       1 |  11.1
        D:6 |     303 |       0 |   0.0 |       9 |       0 |   0.0
            +---------+---------+-------+---------+---------+-------

Illustrated notes

Table legend:
 A = Kills in this place as a percentage of kills in entire the game.
 B = Kills by you in this place as a percentage of kills by you in the entire game.
 C = Kills by friends in this place as a percentage of kills by friends in the entire game.
 D = Other kills in this place as a percentage of other kills in the entire game.
 E = Experience gained in this place as a percentage of experience gained in the entire game.
 F = Experience gained in this place divided by the number of levels of this place that you have seen.
                   A       B       C       D       E      F
               +-------+-------+-------+-------+-------+----------------------
         Total | 100.0 | 100.0 |   N/A |   N/A | 100.0 | 231.9
       Dungeon | 100.0 | 100.0 |   N/A |   N/A | 100.0 | 270.5
               +-------+-------+-------+-------+-------+----------------------

Table legend: (Time is in decaauts)
 A = Elapsed time spent in this place.
 B = Non-inter-level travel time spent in this place.
 C = Inter-level travel time spent in this place.
 D = Time resting spent in this place.
 E = Time spent auto-exploring this place.
 F = Levels seen in this place.
 G = Mean time per level.
                   A        B        C        D        E       F      G
               +--------+--------+--------+--------+--------+-----+--------+
         Total |   4489 |   4330 |    159 |   1168 |   2379 |   7 |  641.3 |
       Dungeon |   4245 |   4121 |    124 |   1168 |   2174 |   6 |  707.5 |
        Temple |    243 |    209 |     34 |      0 |    205 |   1 |  243.0 |
               +--------+--------+--------+--------+--------+-----+--------+

Top non-repeatable levels by time:
     D:2: 883 daAuts
     D:1: 773 daAuts
     D:5: 747 daAuts
     D:4: 691 daAuts
     D:6: 642 daAuts
     D:3: 506 daAuts
  Temple: 243 daAuts
